Workbook
Name FACTOR_PRESTACIONAL: '[1]FACTOR PRESTACIONAL'!$A$7:$BE$32

Sheet LA MIEL
H2: MALLA ESLABONADA GALV. Cal. 12 x 2 ½"
A3: FORMULARIO DE CANTIDADES Y PRESUPUESTO DE OBRA
A4: ÍTEM | B4: DESCRIPCIÓN | C4: UNIDAD | D4: CANTIDAD | E4: VR UNITARIO | F4: VR PARCIAL
A5: 1 | B5: CERRAMIENTO PERIMETRAL | F5: =SUM(F6:F10) -> 17526191
A6: 1.01 | B6: Excavación en tierra seca h= 0-2 m | C6: m3 | D6: 3 | E6: =APU!E630 -> 33711 | F6: =ROUND(D6*E6, 0) -> 101133
A7: 1.02 | B7: Viga cimentación en concreto de 20.7 MPa, 0.30x0.30 m | C7: m | D7: 40 | E7: =APU!E615 -> 56921.392 | F7: =ROUND(D7*E7, 0) -> 2276856
A8: 1.03 | B8: Cerramiento en tubo galvanizado Ø= 1 ½", malla eslabonada galvanizada cal 12, ojo 2 ½" , incluye dos hiladas de muro en bloque de concreto de 0,15 cm | C8: m | D8: 40 | E8: =APU!E591 -> 293768 | F8: =ROUND(D8*E8, 0) -> 11750720
A9: 1.04 | B9: Puerta en tubería galv. Ø= 1 ½" y malla eslabonada | C9: m2 | D9: 2.1 | E9: =APU!E669 -> 429515 | F9: =ROUND(D9*E9, 0) -> 901982
A10: 1.05 | B10: Acero de refuerzo Fy= 420 MPa | C10: kg | D10: 350 | E10: =APU!E754 -> 7130 | F10: =ROUND(D10*E10, 0) -> 2495500
A11: 2 | B11: PLANTA DE POTABILIZACIÓN | F11: =SUM(F12:F16) -> 27303227
A12: 2.01 | B12: Puesta en funcionamiento de planta de potabilizacion compacta (incluye cambio de filtros y todo lo relacionado para su correcto funcionamiento) | C12: gl | D12: 1 | E12: 25000000 | F12: =ROUND(D12*E12, 0) -> 25000000
A13: 2.02 | B13: Pintura para muros en interiores en bodega de insumos | C13: m2 | D13: 20 | E13: =APU!E691 -> 16248 | F13: =ROUND(D13*E13, 0) -> 324960
A14: 2.03 | B14: Pintura de muros exteriores en bodega de insumos | C14: m2 | D14: 20 | E14: =APU!E713 -> 36470 | F14: =ROUND(D14*E14, 0) -> 729400
A15: 2.04 | B15: Pintura a base de aceite para puerta de ingreso a bodega de insumos | C15: m2 | D15: 2.1 | E15: =APU!E734 -> 23270 | F15: =ROUND(D15*E15, 0) -> 48867
A16: 2.05 | B16: Estanteria metalica para equipo e insumos entrepaaños 5 métalicos de 2m * 1m | C16: und | D16: 1 | E16: 1200000 | F16: =ROUND(D16*E16, 0) -> 1200000
F18: =SUM(F5:F16)/2 -> 44829418
B19: ADMINISTRACIÓN (23 %) = | F19: =ROUND(F18*23/100, 0) -> 10310766
B20: UTILIDAD (4%) = | F20: =ROUND(F18*4/100, 0) -> 1793177
B21: SUBTOTAL = | F21: =SUM(F17:F20) -> 56933361
B22: HONORARIOS (5%) | F22: =ROUND(F21*5/100, 0) -> 2846668
B23: IVA HONORARIOS | F23: =F22*0.19 -> 540866.92
B24: VALOR TOTAL = | F24: =F21+F22+F23 -> 60320896

Sheet PRESUPUETO HIGUERON
A1: PROPUESTA ACUEDUCTO EL HIGUERON LA MIEL
A5: FORMULARIO DE CANTIDADES Y PRESUPUESTO DE OBRA
A6: ACUEDUCTO EL HIGUERON
A7: Item | B7: Descripción | C7: Und | D7: Cant | E7: Valor Unitario | F7: Total
A8: 1 | B8: LLENOS, EXCAVACIÓN Y ATRAQUES | F8: =SUM(F9:F12) -> 143889669
A9: 1.01 | B9: Excavación en tierra seca h= 0-2 m | C9: m3 | D9: 2390.5 | E9: =APU!E19 -> 33711 | F9: =ROUND(D9*E9, 0) -> 80586146
A10: 1.02 | B10: Suministro, transporte y colocación de concreto de 2500 psi para atraques de accesorios y tuberias | C10: m3 | D10: 8 | E10: =APU!E36 -> 542700 | F10: =ROUND(D10*E10, 0) -> 4341600
A11: 1.03 | B11: Desmonte y limpieza manual (incl. retiro) | C11: m2 | D11: 3220.22 | E11: =APU!E53 -> 2652 | F11: =ROUND(D11*E11, 0) -> 8540023
A12: 1.04 | B12: Lleno compactado con material del sitio | C12: m3 | D12: 1637.5 | E12: =APU!E69 -> 30792 | F12: =ROUND(D12*E12, 0) -> 50421900
A14: 2 | B14: TUBERIA | F14: =SUM(F15:F21) -> 129959423
A15: 2.01 | B15: Tubería pvc presión Ø= 1" (incl. accesorios) | C15: m | D15: 572 | E15: =APU!E92 -> 13249 | F15: =ROUND(D15*E15, 0) -> 7578428
A16: 2.02 | B16: Tubería pvc presión Ø= 1 ½" (incl. accesorios) | C16: m | D16: 1031 | E16: =APU!E115 -> 24202 | F16: =ROUND(D16*E16, 0) -> 24952262
A17: 2.03 | B17: Tubería pvc presión Ø= 2 ½" (incl. accesorios) | C17: m | D17: 547 | E17: =APU!E138 -> 66534 | F17: =ROUND(D17*E17, 0) -> 36394098
A18: 2.04 | B18: Tubería pvc presión Ø= 2" (incl. accesorios) | C18: m | D18: 126 | E18: =APU!E161 -> 35337 | F18: =ROUND(D18*E18, 0) -> 4452462
A19: 2.05 | B19: Tubería PF + UAD Ø= 1/2" (incl. accesorios) | C19: m | D19: 4116 | E19: =APU!E180 -> 8232 | F19: =ROUND(D19*E19, 0) -> 33882912
A20: 2.06 | B20: Tubería PF + UAD Ø= 3/4" (incl. accesorios) | C20: m | D20: 1261 | E20: =APU!E199 -> 18001 | F20: =ROUND(D20*E20, 0) -> 22699261
A23: 4 | B23: ACCESORIOS | F23: =SUM(F24:F30) -> 19287217
A24: 4.01 | B24: Collar de derivación de 3" x 1/2" | C24: Un | D24: 22 | E24: =APU!E217 -> 41356 | F24: =ROUND(D24*E24, 0) -> 909832
A25: 4.02 | B25: Collar de derivación de 2" x 1/2" | C25: Un | D25: 6 | E25: =APU!E235 -> 32209 | F25: =ROUND(D25*E25, 0) -> 193254
A26: 4.03 | B26: Medidor de agua de 1/2" | C26: Un | D26: 82 | E26: =APU!E255 -> 196785 | F26: =ROUND(D26*E26, 0) -> 16136370
A27: 4.04 | B27: Válvula de compuerta Ø= 3" | C27: Un | D27: 1 | E27: =APU!E277 -> 603513 | F27: =ROUND(D27*E27, 0) -> 603513
A28: 4.05 | B28: Válvula de compuerta Ø= 2" | C28: Un | D28: 1 | E28: =APU!E299 -> 446204 | F28: =ROUND(D28*E28, 0) -> 446204
A29: 4.06 | B29: Registro de cortina red white 1" | C29: Un | D29: 2 | E29: =APU!E321 -> 180511 | F29: =ROUND(D29*E29, 0) -> 361022
A30: 4.07 | B30: Registro de cortina red white 1 ½" | C30: Un | D30: 2 | E30: =APU!E343 -> 318511 | F30: =ROUND(D30*E30, 0) -> 637022
A32: 5 | B32: SISTEMA REGULADOR DE PRESIÓN | F32: =SUM(F33:F37) -> 29247539
A33: 5.01 | B33: Sistema regulador de presión 3" | C33: und | D33: 2 | E33: =APU!E367 -> 12008300 | F33: =ROUND(D33*E33, 0) -> 24016600
A34: 5.02 | B34: Sistema regulador de presión 1 1/2" | C34: und | D34: 3 | E34: =APU!E392 -> 1026966 | F34: =ROUND(D34*E34, 0) -> 3080898
A35: 5.03 | B35: Sistema regulador de presión 1" | C35: und | D35: 1 | E35: =APU!E416 -> 813338 | F35: =ROUND(D35*E35, 0) -> 813338
A36: 5.04 | B36: Sistema regulador de presión 3/4" | C36: und | D36: 1 | E36: =APU!E440 -> 685725 | F36: =ROUND(D36*E36, 0) -> 685725
A37: 5.05 | B37: Sistema regulador de presión 1/2" | C37: und | D37: 1 | E37: =APU!E464 -> 650978 | F37: =ROUND(D37*E37, 0) -> 650978
A39: 6 | B39: CAJA REGULACIÓN DE PRESIÓN Y PLANTA | F39: =SUM(F40:F48) -> 141164963
A40: 6.01 | B40: Viga cimentación en concreto de 20.7 MPa, 0.25x0.25 m | C40: m | D40: 308 | E40: =APU!E489 -> 70892 | F40: =ROUND(D40*E40, 0) -> 21834736
A41: 6.02 | B41: Relleno en triturado de 3/4" | C41: m3 | D41: 47.04 | E41: =APU!E504 -> 142733 | F41: =ROUND(D41*E41, 0) -> 6714160
A42: 6.03 | B42: Tapa metálica en lamina incluye marco | C42: Un | D42: 14 | E42: =APU!E528 -> 681931 | F42: =ROUND(D42*E42, 0) -> 9547034
A43: 6.04 | B43: Muro en bloque e= 15 cm | C43: m2 | D43: 168 | E43: =APU!E551 -> 99994 | F43: =ROUND(D43*E43, 0) -> 16798992
A44: 6.05 | B44: Planta de tratamiento, capacidad de 0,95 lt/seg suministro, instalación y puesta en marcha de una PTAP, compuesta por 2 dosificadores, 2 unidades de floculación, 4 unidades de filtración, 4 unidades de clarificación, 4 carcazas para microfiltración del agua y 2 dosificadores en línea de agente desinfectante, Tuberías, válvulas y accesorios de PVC para la conexión de los equipos a instalar.para tratar las aguas captadas de la quebrada , Toma de muestra de agua tratada para el análisis en laboratorio.Elaboración y entrega de manuales de operación y mantenimiento. Y Capacitación al personal designado para el manejo del sistema | C44: und | D44: 1 | E44: =(41500000*1.19)+2000000 -> 51385000 | F44: =ROUND(D44*E44, 0) -> 51385000
A45: 6,06 | B45: Obras de mejoramiento y acondicionamiento del tanque de almacenamiento de agua y conección a PTAR | C45: und | D45: 1 | E45: 16000000 | F45: =ROUND(D45*E45, 0) -> 16000000
A46: 6,07 | B46: Tramites de legalización ante Cornare | C46: und | D46: 1 | E46: 6885040.8 | F46: =ROUND(D46*E46, 0) -> 6885041
A47: 6,08 | B47: Estudios para legalización permiso de concesión | C47: und | D47: 1 | E47: 12000000 | F47: =ROUND(D47*E47, 0) -> 12000000
A50: ACUEDUCTO LA MIEL
A51: Item | B51: Descripción | C51: Und | D51: Cant | E51: Valor Unitario | F51: Total
A52: 1 | B52: CERRAMIENTO PERIMETRAL | F52: =SUM(F53:F57) -> 17526191
A53: 1.01 | B53: Excavación en tierra seca h= 0-2 m | C53: m3 | D53: 3 | E53: ='LA MIEL'!E6 -> 33711 | F53: =ROUND(D53*E53, 0) -> 101133
A54: 1.02 | B54: Viga cimentación en concreto de 20.7 MPa, 0.30x0.30 m | C54: m | D54: 40 | E54: ='LA MIEL'!E7 -> 56921.392 | F54: =ROUND(D54*E54, 0) -> 2276856
A55: 1.03 | B55: Cerramiento en tubo galvanizado Ø= 1 ½", malla eslabonada galvanizada cal 12, ojo 2 ½" , incluye dos hiladas de muro en bloque de concreto de 0,15 cm | C55: m | D55: 40 | E55: ='LA MIEL'!E8 -> 293768 | F55: =ROUND(D55*E55, 0) -> 11750720
A56: 1.04 | B56: Puerta en tubería galv. Ø= 1 ½" y malla eslabonada | C56: m2 | D56: 2.1 | E56: ='LA MIEL'!E9 -> 429515 | F56: =ROUND(D56*E56, 0) -> 901982
A57: 1.05 | B57: Acero de refuerzo Fy= 420 MPa | C57: kg | D57: 350 | E57: ='LA MIEL'!E10 -> 7130 | F57: =ROUND(D57*E57, 0) -> 2495500
A58: 2 | B58: PLANTA DE POTABILIZACIÓN | F58: =SUM(F59:F63) -> 27319599
A59: 2.01 | B59: Puesta en funcionamiento de planta de potabilizacion compacta (incluye cambio de filtros y todo lo relacionado para su correcto funcionamiento) | C59: gl | D59: 1 | E59: 25000000 | F59: =ROUND(D59*E59, 0) -> 25000000
A60: 2.02 | B60: Pintura para muros en interiores en bodega de insumos | C60: m2 | D60: 20 | E60: 16248 | F60: =ROUND(D60*E60, 0) -> 324960
A61: 2.03 | B61: Pintura de muros exteriores en bodega de insumos | C61: m2 | D61: 20 | E61: 36470 | F61: =ROUND(D61*E61, 0) -> 729400
A62: 2.04 | B62: Pintura a base de aceite para puerta de ingreso a bodega de insumos | C62: m2 | D62: 2.80358 | E62: 23270 | F62: =ROUND(D62*E62, 0) -> 65239
A63: 2.05 | B63: Estanteria metalica para equipo e insumos entrepaaños 5 métalicos de 2m * 1m | C63: und | D63: 1 | E63: 1200000 | F63: =ROUND(D63*E63, 0) -> 1200000
B64: TOTAL COSTOS DIRECTOS = | F64: =SUM(F8:F63)/2 -> 508394601
B65: ADMINISTRACIÓN (23 %) = | F65: =ROUND(F64*23/100, 0) -> 116930758
B66: UTILIDAD (4%) = | F66: =ROUND(F64*4/100, 0) -> 20335784
B67: TOTAL = | F67: =SUM(F64:F66) -> 645661143

Sheet APU
A1: PROPUESTA ACUEDUCTO EL HIGUERON LA MIEL
A5: ANÁLISIS DE PRECIOS UNITARIOS
A6: 1.01 Excavación en tierra seca h= 0-2 m | E6: UNIDAD: m3
A7: DESCRIPCIÓN | B7: UNIDAD | C7: CANT/ REND | D7: PRECIO UNITARIO | E7: VR PARCIAL
A8: MATERIALES:
A9: =Insumos!B23 -> CINTA DE SEÑALIZACIÓN a=7 cm | B9: =Insumos!C23 -> m | C9: 1 | D9: =Insumos!D23 -> 172 | E9: =ROUND(C9*D9, 2) -> 172
A10: POSTE DE SEÑALIZACIÓN EN MADERA PINTADO + MUERTO EN CONCRETO | B10: Un | C10: 0.05 | D10: =Subproductos!E436 -> 22149 | E10: =ROUND(C10*D10, 2) -> 1107.45
D11: Subtotal = | E11: =SUM(E9:E10) -> 1279.45
A12: EQUIPO y HERRAMIENTAS:
A13: CARRETA BUGGIE, PALA, ZAPAPICO | B13: Un | C13: 0.0012 | D13: =Subproductos!E36 -> 404325 | E13: =ROUND(C13*D13, 2) -> 485.19
D14: Subtotal = | E14: =SUM(E13) -> 485.19
A15: MANO de OBRA:
A16: CUADRILLA 1 OF + 2 AY | B16: Día | C16: 0.1204 | D16: =Subproductos!E244 -> 265335 | E16: =ROUND(C16*D16, 2) -> 31946.33
D17: Subtotal = | E17: =SUM(E16) -> 31946.33
D19: VR COSTO DIRECTO = | E19: =ROUND(SUM(E8:E17)/2, 0) -> 33711
A22: 1.02 Empotramiento tubo alcantarillado en concreto 17.2 MPa | E22: UNIDAD: Un
A23: DESCRIPCIÓN | B23: UNIDAD | C23: CANT/ REND | D23: PRECIO UNITARIO | E23: VR PARCIAL
A24: MATERIALES:
A25: FORMALETA | B25: m2 | C25: 0.28 | D25: =Subproductos!E389 -> 74097 | E25: =ROUND(C25*D25, 2) -> 20747.16
A26: CONCRETO 17.2 MPa | B26: m3 | C26: 1 | D26: =Subproductos!E306 -> 483860 | E26: =ROUND(C26*D26, 2) -> 483860
D27: Subtotal = | E27: =SUM(E25:E26) -> 504607.16
A28: EQUIPO y HERRAMIENTAS:
A29: CARRETA BUGGIE, PALA, BALDES | B29: Un | C29: 0.0019 | D29: =Subproductos!E25 -> 357112 | E29: =ROUND(C29*D29, 2) -> 678.51
A30: HERRAMIENTAS PARA ALBAÑIL | B30: Un | C30: 0.0019 | D30: =Subproductos!E55 -> 306623 | E30: =ROUND(C30*D30, 2) -> 582.58
D31: Subtotal = | E31: =SUM(E29:E30) -> 1261.09
A32: MANO de OBRA:
A33: CUADRILLA 1 OF + 1 AY | B33: Día | C33: 0.2 | D33: =Subproductos!E234 -> 184161 | E33: =ROUND(C33*D33, 2) -> 36832.2
D34: Subtotal = | E34: =SUM(E33) -> 36832.2
D36: VR COSTO DIRECTO = | E36: =ROUND(SUM(E24:E34)/2, 0) -> 542700
A39: 1.03 Desmonte y limpieza manual (incl. retiro) | E39: UNIDAD: m2
A40: DESCRIPCIÓN | B40: UNIDAD | C40: CANT/ REND | D40: PRECIO UNITARIO | E40: VR PARCIAL
A41: EQUIPO y HERRAMIENTAS:
A42: CARRETA BUGGIE, PALA, ZAPAPICO | B42: Un | C42: 0.0003 | D42: =Subproductos!E36 -> 404325 | E42: =ROUND(C42*D42, 2) -> 121.3
A43: =Insumos!B110 -> MACHETE 18" | B43: =Insumos!C110 -> Un | C43: 0.0003 | D43: =Insumos!D110 -> 22024 | E43: =ROUND(C43*D43, 2) -> 6.61
A44: =Insumos!B124 -> RASTRILLO AGRÍCOLA | B44: =Insumos!C124 -> Un | C44: 0.0003 | D44: =Insumos!D124 -> 25109 | E44: =ROUND(C44*D44, 2) -> 7.53
D45: Subtotal = | E45: =SUM(E42:E44) -> 135.44
A46: TRANSPORTES:
A47: VOLQUETA 7 m3 | B47: Hr | C47: 0 | D47: 85675 | E47: =ROUND(C47*D47, 2) -> 0
D48: Subtotal = | E48: =SUM(E47) -> 0
A49: MANO de OBRA:
A50: CUADRILLA 2 Ay | B50: Día | C50: 0.0155 | D50: =Subproductos!E273 -> 162348 | E50: =ROUND(C50*D50, 2) -> 2516.39
D51: Subtotal = | E51: =SUM(E50) -> 2516.39
D53: VR COSTO DIRECTO = | E53: =ROUND(SUM(E41:E51)/2, 0) -> 2652
A56: 1.04 Lleno compactado con material del sitio | E56: UNIDAD: m3
A57: DESCRIPCIÓN | B57: UNIDAD | C57: CANT/ REND | D57: PRECIO UNITARIO | E57: VR PARCIAL
A58: MATERIALES:
A59: =Insumos!B34 -> GASOLINA | B59: =Insumos!C34 -> Gal | C59: 0.042 | D59: =Insumos!D34 -> 15757 | E59: =ROUND(C59*D59, 2) -> 661.79
D60: Subtotal = | E60: =SUM(E59) -> 661.79
A61: EQUIPO y HERRAMIENTAS:
A62: CARRETA BUGGIE, PALA, ZAPAPICO | B62: Un | C62: 0.0015 | D62: =Subproductos!E36 -> 404325 | E62: =ROUND(C62*D62, 2) -> 606.49
A63: =Insumos!B100 -> COMPACTADOR MANUAL (CANGURO) | B63: =Insumos!C100 -> Día | C63: 0.042 | D63: =Insumos!D100 -> 67675 | E63: =ROUND(C63*D63, 2) -> 2842.35
D64: Subtotal = | E64: =SUM(E62:E63) -> 3448.84
A65: MANO de OBRA:
A66: CUADRILLA 1 OF + 3 AY | B66: Día | C66: 0.077 | D66: =Subproductos!E254 -> 346509 | E66: =ROUND(C66*D66, 2) -> 26681.19
D67: Subtotal = | E67: =SUM(E66) -> 26681.19
D69: VR COSTO DIRECTO = | E69: =ROUND(SUM(E58:E67)/2, 0) -> 30792
A72: 2.01 Tubería pvc presión Ø= 1" (incl. accesorios) | E72: UNIDAD: m
A73: DESCRIPCIÓN | B73: UNIDAD | C73: CANT/ REND | D73: PRECIO UNITARIO | E73: VR PARCIAL
A74: MATERIALES:
A75: =Insumos!B58 -> TUBERÍA PRESIÓN PVC 1" | B75: =Insumos!C58 -> m | C75: 1.05 | D75: =Insumos!D58 -> 6458 | E75: =ROUND(C75*D75, 2) -> 6780.9
A76: =Insumos!B26 -> CODO PRESIÓN PVC 1" | B76: =Insumos!C26 -> Un | C76: 0.17 | D76: =Insumos!D26 -> 2699 | E76: =ROUND(C76*D76, 2) -> 458.83
A77: =Insumos!B64 -> UNIÓN PRESIÓN PVC 1" | B77: =Insumos!C64 -> Un | C77: 0.17 | D77: =Insumos!D64 -> 1424 | E77: =ROUND(C77*D77, 2) -> 242.08
A78: =Insumos!B38 -> LIMPIADOR PVC (1/4 Gal) | B78: =Insumos!C38 -> Un | C78: 0.01 | D78: =Insumos!D38 -> 64211 | E78: =ROUND(C78*D78, 2) -> 642.11
A79: =Insumos!B50 -> SOLDADURA PVC (1/4 Gal) | B79: =Insumos!C50 -> Un | C79: 0.01 | D79: =Insumos!D50 -> 133171 | E79: =ROUND(C79*D79, 2) -> 1331.71
A80: =Insumos!B32 -> ESTOPA DE LIMPIEZA (Hilaza de Algodón) | B80: =Insumos!C32 -> Kg | C80: 0.02 | D80: =Insumos!D32 -> 9128 | E80: =ROUND(C80*D80, 2) -> 182.56
D81: Subtotal = | E81: =SUM(E75:E80) -> 9638.19
A82: EQUIPO y HERRAMIENTAS:
A83: HERRAMIENTAS PARA PLOMERO | B83: Un | C83: 0.0001 | D83: =Subproductos!E69 -> 330513 | E83: =ROUND(C83*D83, 2) -> 33.05
D84: Subtotal = | E84: =SUM(E83) -> 33.05
A85: TRANSPORTES:
A86: =Insumos!B132 -> CAMIONETA | B86: =Insumos!C132 -> Hr | C86: 0.02 | D86: =Insumos!D132 -> 36850 | E86: =ROUND(C86*D86, 2) -> 737
D87: Subtotal = | E87: =SUM(E86) -> 737
A88: MANO de OBRA:
A89: CUADRILLA PLOMERÍA | B89: Día | C89: 0.014 | D89: =Subproductos!E283 -> 202935 | E89: =ROUND(C89*D89, 2) -> 2841.09
D90: Subtotal = | E90: =SUM(E89) -> 2841.09
D92: VR COSTO DIRECTO = | E92: =ROUND(SUM(E74:E90)/2, 0) -> 13249
A95: 2.02 Tubería pvc presión Ø= 1 ½" (incl. accesorios) | E95: UNIDAD: m
A96: DESCRIPCIÓN | B96: UNIDAD | C96: CANT/ REND | D96: PRECIO UNITARIO | E96: VR PARCIAL
A97: MATERIALES:
A98: =Insumos!B57 -> TUBERÍA PRESIÓN PVC 1 1/2" | B98: =Insumos!C57 -> m | C98: 1.05 | D98: =Insumos!D57 -> 15188 | E98: =ROUND(C98*D98, 2) -> 15947.4
A99: =Insumos!B25 -> CODO PRESIÓN PVC 1 1/2" | B99: =Insumos!C25 -> Un | C99: 0.17 | D99: =Insumos!D25 -> 9679 | E99: =ROUND(C99*D99, 2) -> 1645.43
A100: =Insumos!B63 -> UNIÓN PRESIÓN PVC 1 1/2" | B100: =Insumos!C63 -> Un | C100: 0.17 | D100: =Insumos!D63 -> 3562 | E100: =ROUND(C100*D100, 2) -> 605.54
A101: =Insumos!B38 -> LIMPIADOR PVC (1/4 Gal) | B101: =Insumos!C38 -> Un | C101: 0.01 | D101: =Insumos!D38 -> 64211 | E101: =ROUND(C101*D101, 2) -> 642.11
A102: =Insumos!B50 -> SOLDADURA PVC (1/4 Gal) | B102: =Insumos!C50 -> Un | C102: 0.01 | D102: =Insumos!D50 -> 133171 | E102: =ROUND(C102*D102, 2) -> 1331.71
A103: =Insumos!B32 -> ESTOPA DE LIMPIEZA (Hilaza de Algodón) | B103: =Insumos!C32 -> Kg | C103: 0.02 | D103: =Insumos!D32 -> 9128 | E103: =ROUND(C103*D103, 2) -> 182.56
D104: Subtotal = | E104: =SUM(E98:E103) -> 20354.75
A105: EQUIPO y HERRAMIENTAS:
A106: HERRAMIENTAS PARA PLOMERO | B106: Un | C106: 0.0002 | D106: =Subproductos!E69 -> 330513 | E106: =ROUND(C106*D106, 2) -> 66.1
D107: Subtotal = | E107: =SUM(E106) -> 66.1
A108: TRANSPORTES:
A109: =Insumos!B132 -> CAMIONETA | B109: =Insumos!C132 -> Hr | C109: 0.02 | D109: =Insumos!D132 -> 36850 | E109: =ROUND(C109*D109, 2) -> 737
D110: Subtotal = | E110: =SUM(E109) -> 737
A111: MANO de OBRA:
A112: CUADRILLA PLOMERÍA | B112: Día | C112: 0.015 | D112: =Subproductos!E283 -> 202935 | E112: =ROUND(C112*D112, 2) -> 3044.03
D113: Subtotal = | E113: =SUM(E112) -> 3044.03
D115: VR COSTO DIRECTO = | E115: =ROUND(SUM(E97:E113)/2, 0) -> 24202
A118: 2.03 Tubería pvc presión Ø= 2 ½" (incl. accesorios) | E118: UNIDAD: m
A119: DESCRIPCIÓN | B119: UNIDAD | C119: CANT/ REND | D119: PRECIO UNITARIO | E119: VR PARCIAL
A120: MATERIALES:
A121: =Insumos!B59 -> TUBERÍA PRESIÓN PVC 2 1/2" | B121: =Insumos!C59 -> m | C121: 1.05 | D121: =Insumos!D59 -> 44608 | E121: =ROUND(C121*D121, 2) -> 46838.4
...

Sheet Costos_Administracion
A1: PROPUESTA ACUEDUCTO EL HIGUERON LA MIEL
A5: COSTOS DE ADMINISTRACIÓN
A6: ÍTEM | B6: DESCRIPCIÓN | C6: UNIDAD | D6: CANTIDAD | E6: VR UNITARIO | F6: VR PARCIAL
A7: 1 | B7: PERSONAL CONTRATACION DIRECTA | F7: =SUM(F8:F9) -> 14000000
A8: 1.02 | B8: INGENIERO RESIDENTE (Incl. prestaciones) | C8: Mes | D8: 2 | E8: 6000000 | F8: =+D8*E8 -> 12000000
A9: 1.02 | B9: TECNÓLOGO SISO (Incl. prestaciones) | C9: Mes | D9: 0.5 | E9: 4000000 | F9: =+D9*E9 -> 2000000
A11: 2 | B11: OTROS | F11: =SUM(F12:F14) -> 6081586.6
A12: 2.01 | B12: Alquiler de officina, trasporte y servicios | C12: und | D12: 1 | E12: 2253280.8 | F12: =+D12*E12 -> 2253280.8
A13: 2.03 | B13: valla con estructura | C13: un | D13: 1 | E13: 600000 | F13: =+D13*E13 -> 600000
A14: 2.04 | B14: Polizas | C14: % | D14: 0.005 | E14: ='PRESUPUETO HIGUERON'!$F$67 -> 645661143 | F14: =+D14*E14 -> 3228305.7
A16: 3 | B16: ESTAMPILLAS | F16: =SUM(F17:F23) -> 96849171
A17: 3.01 | B17: Estampilla Prouniversidad | C17: % | D17: 0.005 | E17: ='PRESUPUETO HIGUERON'!$F$67 -> 645661143 | F17: =+D17*E17 -> 3228305.7
A18: 3.02 | B18: Estampilla Procultura | C18: % | D18: 0.01 | E18: ='PRESUPUETO HIGUERON'!$F$67 -> 645661143 | F18: =+D18*E18 -> 6456611.4
A19: 3.03 | B19: Estampilla prohospital | C19: % | D19: 0.01 | E19: ='PRESUPUETO HIGUERON'!$F$67 -> 645661143 | F19: =+D19*E19 -> 6456611.4
A20: 3.04 | B20: Estampilla Proadulto mayor | C20: % | D20: 0.03 | E20: ='PRESUPUETO HIGUERON'!$F$67 -> 645661143 | F20: =+D20*E20 -> 19369834
A21: 3.05 | B21: Estampilla de justicia familiar | C21: % | D21: 0.02 | E21: ='PRESUPUETO HIGUERON'!$F$67 -> 645661143 | F21: =+D21*E21 -> 12913223
A22: 3.06 | B22: Estampilla prodeportes | C22: % | D22: 0.025 | E22: ='PRESUPUETO HIGUERON'!$F$67 -> 645661143 | F22: =+D22*E22 -> 16141529
A23: 3.07 | B23: Estampilla impuesto de seguridad | C23: % | D23: 0.05 | E23: ='PRESUPUETO HIGUERON'!$F$67 -> 645661143 | F23: =+D23*E23 -> 32283057
B25: TOTAL COSTOS DE ADMINISTRACIÓN = | F25: =+SUM(F7:F23)/2 -> 1.1693076e+08

Sheet Subproductos
A1: PROPUESTA ACUEDUCTO EL HIGUERON LA MIEL
A5: ANÁLISIS DE PRECIOS UNITARIOS - SUBPRODUCTOS
A6: ANDAMIO TUBULAR CON TIJERA 1.50x1.50 m | E6: UNIDAD: Día
A7: DESCRIPCIÓN | B7: UNIDAD | C7: CANT/ REND | D7: PRECIO UNITARIO | E7: VR PARCIAL
A8: EQUIPO y HERRAMIENTAS:
A9: =Insumos!B113 -> MARCO ANDAMIO DE TIJERA 1.50x1.50 m | B9: =Insumos!C113 -> Día | C9: 2 | D9: =Insumos!D113 -> 650 | E9: =ROUND(C9*D9, 2) -> 1300
A10: =Insumos!B128 -> TIJERA DE ANDAMIO | B10: =Insumos!C128 -> Día | C10: 2 | D10: =Insumos!D128 -> 173 | E10: =ROUND(C10*D10, 2) -> 346
A11: =Insumos!B121 -> PLATAFORMA METÁLICA PARA ANDAMIO | B11: =Insumos!C121 -> Día | C11: 1 | D11: =Insumos!D121 -> 3132 | E11: =ROUND(C11*D11, 2) -> 3132
D12: Subtotal = | E12: =SUM(E9:E11) -> 4778
D14: VR UNITARIO = | E14: =ROUND(SUM(E8:E12)/2, 0) -> 4778
A17: CARRETA BUGGIE, PALA, BALDES | E17: UNIDAD: Un
A18: DESCRIPCIÓN | B18: UNIDAD | C18: CANT/ REND | D18: PRECIO UNITARIO | E18: VR PARCIAL
A19: EQUIPO y HERRAMIENTAS:
A20: =Insumos!B97 -> CARRETA LLANTA NEUMÁTICA | B20: =Insumos!C97 -> Un | C20: 1 | D20: =Insumos!D97 -> 310206 | E20: =ROUND(C20*D20, 2) -> 310206
A21: =Insumos!B118 -> PALA REDONDA CON CABO | B21: =Insumos!C118 -> Un | C21: 1 | D21: =Insumos!D118 -> 34500 | E21: =ROUND(C21*D21, 2) -> 34500
A22: =Insumos!B90 -> BALDE CONSTRUCCIÓN | B22: =Insumos!C90 -> Un | C22: 2 | D22: =Insumos!D90 -> 6203 | E22: =ROUND(C22*D22, 2) -> 12406
D23: Subtotal = | E23: =SUM(E20:E22) -> 357112
D25: VR UNITARIO = | E25: =ROUND(SUM(E19:E23)/2, 0) -> 357112
A28: CARRETA BUGGIE, PALA, ZAPAPICO | E28: UNIDAD: Un
A29: DESCRIPCIÓN | B29: UNIDAD | C29: CANT/ REND | D29: PRECIO UNITARIO | E29: VR PARCIAL
A30: EQUIPO y HERRAMIENTAS:
A31: =Insumos!B97 -> CARRETA LLANTA NEUMÁTICA | B31: =Insumos!C97 -> Un | C31: 1 | D31: =Insumos!D97 -> 310206 | E31: =ROUND(C31*D31, 2) -> 310206
A32: =Insumos!B118 -> PALA REDONDA CON CABO | B32: =Insumos!C118 -> Un | C32: 1 | D32: =Insumos!D118 -> 34500 | E32: =ROUND(C32*D32, 2) -> 34500
A33: =Insumos!B130 -> ZAPAPICO | B33: =Insumos!C130 -> Un | C33: 1 | D33: =Insumos!D130 -> 59619 | E33: =ROUND(C33*D33, 2) -> 59619
D34: Subtotal = | E34: =SUM(E31:E33) -> 404325
D36: VR UNITARIO = | E36: =ROUND(SUM(E30:E34)/2, 0) -> 404325
A39: HERRAMIENTAS PARA ALBAÑIL | E39: UNIDAD: Un
A40: DESCRIPCIÓN | B40: UNIDAD | C40: CANT/ REND | D40: PRECIO UNITARIO | E40: VR PARCIAL
A41: EQUIPO y HERRAMIENTAS:
A42: =Insumos!B89 -> ALMADANA 4 lb | B42: =Insumos!C89 -> Un | C42: 1 | D42: =Insumos!D89 -> 49296 | E42: =ROUND(C42*D42, 2) -> 49296
A43: =Insumos!B98 -> CINCEL 3/4" ACERO TEMPLADO | B43: =Insumos!C98 -> Un | C43: 1 | D43: =Insumos!D98 -> 29594 | E43: =ROUND(C43*D43, 2) -> 29594
A44: =Insumos!B119 -> PALUSTRE | B44: =Insumos!C119 -> Un | C44: 1 | D44: =Insumos!D119 -> 14210 | E44: =ROUND(C44*D44, 2) -> 14210
A45: =Insumos!B99 -> CINTA MÉTRICA x 5 m | B45: =Insumos!C99 -> Un | C45: 1 | D45: =Insumos!D99 -> 19353 | E45: =ROUND(C45*D45, 2) -> 19353
A46: =Insumos!B117 -> NIVEL DE BURBUJA | B46: =Insumos!C117 -> Un | C46: 1 | D46: =Insumos!D117 -> 44827 | E46: =ROUND(C46*D46, 2) -> 44827
A47: =Insumos!B111 -> MANGUERA DE NIVEL x 10 m | B47: =Insumos!C111 -> Un | C47: 1 | D47: =Insumos!D111 -> 4987 | E47: =ROUND(C47*D47, 2) -> 4987
A48: =Insumos!B122 -> PLOMADA | B48: =Insumos!C122 -> Un | C48: 1 | D48: =Insumos!D122 -> 18315 | E48: =ROUND(C48*D48, 2) -> 18315
A49: =Insumos!B114 -> MARCO SEGUETA FIJO | B49: =Insumos!C114 -> Un | C49: 1 | D49: =Insumos!D114 -> 30168 | E49: =ROUND(C49*D49, 2) -> 30168
A50: =Insumos!B125 -> SERRUCHO | B50: =Insumos!C125 -> Un | C50: 1 | D50: =Insumos!D125 -> 37909 | E50: =ROUND(C50*D50, 2) -> 37909
A51: =Insumos!B115 -> MARTILLO | B51: =Insumos!C115 -> Un | C51: 1 | D51: =Insumos!D115 -> 35305 | E51: =ROUND(C51*D51, 2) -> 35305
A52: =Insumos!B107 -> LIMA PLANA PARA USO GENERAL CON MANGO 8" | B52: =Insumos!C107 -> Un | C52: 1 | D52: =Insumos!D107 -> 22659 | E52: =ROUND(C52*D52, 2) -> 22659
D53: Subtotal = | E53: =SUM(E42:E52) -> 306623
D55: VR UNITARIO = | E55: =ROUND(SUM(E41:E53)/2, 0) -> 306623
A58: HERRAMIENTAS PARA PLOMERO | E58: UNIDAD: Un
A59: DESCRIPCIÓN | B59: UNIDAD | C59: CANT/ REND | D59: PRECIO UNITARIO | E59: VR PARCIAL
A60: EQUIPO y HERRAMIENTAS:
A61: =Insumos!B108 -> LLAVE EXPANSIÓN 12" | B61: =Insumos!C108 -> Un | C61: 1 | D61: =Insumos!D108 -> 76507 | E61: =ROUND(C61*D61, 2) -> 76507
A62: =Insumos!B109 -> LLAVE STILLSON 12" | B62: =Insumos!C109 -> Un | C62: 1 | D62: =Insumos!D109 -> 85398 | E62: =ROUND(C62*D62, 2) -> 85398
A63: =Insumos!B87 -> ALICATE ARTICULADO PICO LORO 10" | B63: =Insumos!C87 -> Un | C63: 1 | D63: =Insumos!D87 -> 79702 | E63: =ROUND(C63*D63, 2) -> 79702
A64: =Insumos!B88 -> ALICATE HOMBRESOLO | B64: =Insumos!C88 -> Un | C64: 1 | D64: =Insumos!D88 -> 39385 | E64: =ROUND(C64*D64, 2) -> 39385
A65: =Insumos!B114 -> MARCO SEGUETA FIJO | B65: =Insumos!C114 -> Un | C65: 1 | D65: =Insumos!D114 -> 30168 | E65: =ROUND(C65*D65, 2) -> 30168
A66: =Insumos!B99 -> CINTA MÉTRICA x 5 m | B66: =Insumos!C99 -> Un | C66: 1 | D66: =Insumos!D99 -> 19353 | E66: =ROUND(C66*D66, 2) -> 19353
D67: Subtotal = | E67: =SUM(E61:E66) -> 330513
D69: VR UNITARIO = | E69: =ROUND(SUM(E60:E67)/2, 0) -> 330513
A72: DOTACIÓN LABORAL | E72: UNIDAD: Un
A73: DESCRIPCIÓN | B73: UNIDAD | C73: CANT/ REND | D73: PRECIO UNITARIO | E73: VR PARCIAL
A74: VESTIDO:
A75: =Insumos!B42 -> PANTALÓN DE TRABAJO | B75: =Insumos!C42 -> Un | C75: 1 | D75: =Insumos!D42 -> 53478 | E75: =ROUND(C75*D75, 2) -> 53478
A76: =Insumos!B19 -> CAMISA DE TRABAJO | B76: =Insumos!C19 -> Un | C76: 1 | D76: =Insumos!D19 -> 23252 | E76: =ROUND(C76*D76, 2) -> 23252
D77: Subtotal = | E77: =SUM(E75:E76) -> 76730
A78: ZAPATOS:
A79: =Insumos!B18 -> BOTAS DE SEGURIDAD | B79: =Insumos!C18 -> Par | C79: 1 | D79: =Insumos!D18 -> 94711 | E79: =ROUND(C79*D79, 2) -> 94711
D80: Subtotal = | E80: =SUM(E79) -> 94711
D82: VR UNITARIO = | E82: =ROUND(SUM(E74:E80)/2, 0) -> 171441
A85: SEGURIDAD INDUSTRIAL | E85: UNIDAD: Un
A86: DESCRIPCIÓN | B86: UNIDAD | C86: CANT/ REND | D86: PRECIO UNITARIO | E86: VR PARCIAL
A87: ELEMENTOS DE PROTECCIÓN PERSONAL (EPP):
A88: =Insumos!B22 -> CHALECO REFLECTIVO | B88: =Insumos!C22 -> Un | C88: 1 | D88: =Insumos!D22 -> 30052 | E88: =ROUND(C88*D88, 2) -> 30052
A89: =Insumos!B20 -> CASCO DE SEGURIDAD | B89: =Insumos!C20 -> Un | C89: 1 | D89: =Insumos!D20 -> 36379 | E89: =ROUND(C89*D89, 2) -> 36379
A90: =Insumos!B52 -> TAPABOCAS | B90: =Insumos!C52 -> Un | C90: 1 | D90: =Insumos!D52 -> 376 | E90: =ROUND(C90*D90, 2) -> 376
A91: =Insumos!B53 -> TAPÓN PARA OIDO | B91: =Insumos!C53 -> Un | C91: 1 | D91: =Insumos!D53 -> 2256 | E91: =ROUND(C91*D91, 2) -> 2256
A92: =Insumos!B33 -> GAFAS DE SEGURIDAD | B92: =Insumos!C33 -> Un | C92: 1 | D92: =Insumos!D33 -> 7365 | E92: =ROUND(C92*D92, 2) -> 7365
A93: =Insumos!B36 -> GUANTES VAQUETA | B93: =Insumos!C36 -> Par | C93: 1 | D93: =Insumos!D36 -> 11655 | E93: =ROUND(C93*D93, 2) -> 11655
D94: Subtotal = | E94: =SUM(E88:E93) -> 88083
D96: VR UNITARIO = | E96: =ROUND(SUM(E87:E94)/2, 0) -> 88083
A99: AYUDANTE (Incl. prestaciones) | E99: UNIDAD: Día
A100: DESCRIPCIÓN | B100: UNIDAD | C100: CANT/ REND | D100: PRECIO UNITARIO | E100: VR PARCIAL
A101: =Insumos!B134 -> AYUDANTE | B101: =Insumos!C134 -> Mes | C101: 0.033333 | D101: =Insumos!D134 -> 1300000 | E101: =ROUND(C101*D101, 2) -> 43332.9
A102: =Insumos!B133 -> AUXILIO DE TRANSPORTE | B102: =Insumos!C133 -> Mes | C102: 0.033333 | D102: =Insumos!D133 -> 162000 | E102: =ROUND(C102*D102, 2) -> 5399.95
D103: Subtotal = | E103: =SUM(E101:E102) -> 48732.85
A104: SEGURIDAD SOCIAL:
A105: SALUD | B105: %S | C105: 12.5 | D105: =E101 -> 43332.9 | E105: =ROUND(C105*D105/100, 2) -> 5416.61
A106: PENSIÓN | B106: %S | C106: 16 | D106: =E101 -> 43332.9 | E106: =ROUND(C106*D106/100, 2) -> 6933.26
A107: RIESGOS PROFESIONALES | B107: %S | C107: 6.96 | D107: =E101 -> 43332.9 | E107: =ROUND(C107*D107/100, 2) -> 3015.97
D108: Subtotal = | E108: =SUM(E105:E107) -> 15365.84
A109: PRESTACIONES SOCIALES:
A110: CESANTÍAS | B110: % | C110: 8.3333 | D110: =E101+E102 -> 48732.85 | E110: =ROUND(C110*D110/100, 2) -> 4061.05
A111: INTERESES DE CESANTÍAS | B111: % | C111: 0.0333 | D111: =E110 -> 4061.05 | E111: =ROUND(C111*D111/100, 2) -> 1.35
A112: VACACIONES | B112: % | C112: 4.1667 | D112: =E101 -> 43332.9 | E112: =ROUND(C112*D112/100, 2) -> 1805.55
A113: PRIMA LEGAL | B113: % | C113: 8.3333 | D113: =E101+E102 -> 48732.85 | E113: =ROUND(C113*D113/100, 2) -> 4061.05
D114: Subtotal = | E114: =SUM(E110:E113) -> 9929
A115: APORTES PARAFISCALES:
A116: CAJA DE COMPENSACIÓN FAMILIAR | B116: %S | C116: 4 | D116: =E101 -> 43332.9 | E116: =ROUND(C116*D116/100, 2) -> 1733.32
A117: ICBF | B117: %S | C117: 3 | D117: =E101 -> 43332.9 | E117: =ROUND(C117*D117/100, 2) -> 1299.99
A118: SENA | B118: %S | C118: 2 | D118: =E101 -> 43332.9 | E118: =ROUND(C118*D118/100, 2) -> 866.66
A119: FIC (Fondo Nacional de Formación Profesional de la Industria de la Construcción) | B119: %S | C119: 2.5 | D119: =E101 -> 43332.9 | E119: =ROUND(C119*D119/100, 2) -> 1083.32
D120: Subtotal = | E120: =SUM(E116:E119) -> 4983.29
A121: OTROS:
A122: DOTACIÓN LABORAL | B122: Un | C122: 0.008333 | D122: =E82 -> 171441 | E122: =ROUND(C122*D122, 2) -> 1428.62
A123: SEGURIDAD INDUSTRIAL | B123: Un | C123: 0.008333 | D123: =E96 -> 88083 | E123: =ROUND(C123*D123, 2) -> 734
D124: Subtotal = | E124: =SUM(E122:E123) -> 2162.62
...

Sheet Insumos
A1: PROPUESTA ACUEDUCTO EL HIGUERON LA MIEL | B1: PROPUESTA ACUEDUCTO EL HIGUERON LA MIEL
A5: MATERIALES, EQUIPO y HERRAMIENTAS, JORNALES
B6: DESCRIPCIÓN | C6: UNIDAD | D6: PRECIO UNITARIO
B7: ACPM | C7: Gal | D7: 9537
B8: ADAPTADOR MACHO PVC 1 1/2" | C8: Un | D8: 5403
B9: ADAPTADOR MACHO PVC 1" | C9: Un | D9: 2191
B10: ADAPTADOR MACHO PVC 1/2" | C10: Un | D10: 579
B11: ADAPTADOR MACHO PVC 2" | C11: Un | D11: 7719
B12: ADAPTADOR MACHO PVC 3" | C12: Un | D12: 30342
B13: AGUA | C13: Lt | D13: 69
B14: ÁNGULO DE 3/16" x 1 1/2" | C14: m | D14: 17861
B15: ARENA | C15: m3 | D15: 130000
B16: BLOQUE CEMENTO ½ 15x20x20 cm | C16: Un | D16: 2750
B17: BLOQUE CEMENTO 15x20x40 cm | C17: Un | D17: 4575
B18: BOTAS DE SEGURIDAD | C18: Par | D18: 94711
... B138: ENSAYO CILINDRO A COMPRESIÓN | C138: Un | D138: 19202
